 Dungeon Sprint DCSS version 0.15-a0-1029-ge69a1e2 (webtiles) character file.

219110 MDvedh the Talismancer (level 18, -22/197 (200) HPs)
             Began as a Minotaur Fighter on May 27, 2014.
             Was the Champion of Makhleb.
             Annihilated by the iron giant
             ... wielding a +0,+0 giant club
              (27 damage)
             ... in the Dungeon (Sprint V: "Ziggurat Sprint").
             The game lasted 00:50:23 (3436 turns).

MDvedh the Talismancer (Minotaur Fighter)           Turns: 3436, Time: 00:50:23

HP -22/197 (200) AC 43     Str 38      XL: 18   Next: 81%
MP  38/38        EV 17     Int  5      God: Makhleb [******]
Gold 0           SH 60     Dex  8 (12) Spells:  1 memorised, 11 levels left

rFire  + + +     SeeInvis .     l - +6 broad axe (vamp)
rCold  + + +     Clarity  .     L - +12 gold dragon armour
rNeg   . . .     Conserve +     A - +2 large shield of the Thirteen Demons {+Fly rF++}
rPois  +         rCorr    .     (helmet restricted)
rElec  +         rRot     .     M - +0 cloak of Starlight {rElec rC+ EV+4 Stlth-}
SustAb .         Spirit   .     (no gloves)
rMut   .         Warding  .     Z - +0 pair of boots "Ebbuh" {rC+}
Gourm  .         NoTele   +     H - amulet of conservation
MR     .....                    D - ring of regeneration
                                I - +6 ring of strength

@: mighty, very slightly contaminated, hasted and slowed, cannot translocate,
not resistant to hostile enchantments, extremely unstealthy
A: retaliatory headbutt, horns 2, fast metabolism 1
a: Minor Destruction, Lesser Servant of Makhleb, Major Destruction, Greater
Servant of Makhleb, Renounce Religion, Evoke Flight


You were in the Dungeon.
You worshipped Makhleb.
Makhleb was exalted by your worship.
You were not hungry.

You visited 1 branch

Inventory:

Hand weapons
 l - a +6,+6 vampiric broad axe (weapon)
Armour
 A - the +2 large shield of the Thirteen Demons (worn) {+Fly rF++}
   (You acquired it in the Dungeon)

   It greatly protects you from fire.
   It lets you fly.
 L - a +12 gold dragon armour (worn)
 M - the +0 cloak of Starlight (worn) {rElec rC+ EV+4 Stlth-}
   (You found it in the Dungeon)

   It affects your evasion (+4).
   It protects you from cold.
   It insulates you from electricity.
   It makes you less stealthy.
 Z - the +0 pair of boots "Ebbuh" (worn) {rC+}
   (You found it in the Dungeon)

   It protects you from cold.
Magical devices
 y - a wand of disintegration (7)
Comestibles
 d - 2 bread rations
 m - 42 strawberries
 n - 4 meat rations
Scrolls
 k - 3 scrolls of blinking
 o - 3 scrolls of amnesia
 p - 4 scrolls of recharging
 q - 7 scrolls of fog
 r - a scroll of holy word
 s - 4 scrolls of identify
 t - 2 scrolls of remove curse
 u - 2 scrolls of fear
 C - 3 scrolls of brand weapon
 O - a scroll of enchant armour
Jewellery
 D - a ring of regeneration (right hand)
 E - the ring of Treaqe Siga {rC+ Stlth++}
   (You found it in the Dungeon)

   [ring of protection from cold]

   It protects you from cold.
   It makes you much more stealthy.
 F - a cursed +3 ring of intelligence
 G - a cursed ring of wizardry
 H - an amulet of conservation (around neck)
 I - a +6 ring of strength (left hand)
 J - a +6 ring of strength
 K - an uncursed ring of magical power
 N - the amulet "Prear" {Faith +Fly rC+ Str+1 SInv}
   (You found it in the Dungeon)

   [amulet of faith]

   It allows you to gain divine favour quickly.
   It affects your strength (+1).
   It protects you from cold.
   It enhances your eyesight.
   It lets you fly.
 Q - the cursed ring of Twivousm {Dex+3 Int-3 Dam+3 Stlth-}
   (You found it in the Dungeon)

   [ring of loudness]

   It affects your intelligence (-3).
   It affects your dexterity (+3).
   It affects your damage with ranged weapons and melee attacks (+3).
   It makes you less stealthy.
   It has a curse placed upon it.
 R - a cursed ring of protection from cold
 T - the ring "Duquaxu" {rN+ Dex+1}
   (You found it in the Dungeon)

   [ring of positive energy]

   It affects your dexterity (+1).
   It protects you from negative energy.
 U - the amulet of the Ladybird {+Rage Dex+3 Int+3}
   (You found it in the Dungeon)

   [amulet of rage]

   It affects your intelligence (+3).
   It affects your dexterity (+3).
   It lets you go berserk.
 X - the cursed ring of Shrearra {+Inv Str+2 Int+2}
   (You took it off a draconian knight in the Dungeon)

   [ring of invisibility]

   It affects your strength (+2).
   It affects your intelligence (+2).
   It lets you turn invisible.
   It has a curse placed upon it.
 Y - the ring "Straigow" {MP+9 Str+3 Int+4}
   (You took it off a guardian mummy in the Dungeon)

   [ring of magical power]

   It affects your strength (+3).
   It affects your intelligence (+4).
   It affects your magic capacity (+9).
Potions
 e - 5 potions of might
 f - 5 potions of curing
 h - 2 potions of haste
 i - 7 potions of magic
 j - 2 potions of berserk rage
 v - a potion of brilliance
 w - 2 potions of invisibility
 x - 2 potions of restore abilities
 z - 4 potions of resistance
 B - 6 potions of agility
Books
 S - a Necronomicon This book is beyond your current level of understanding.

   Spells                             Type                      Level
   Haunt                              Necromancy/Summoning         7
   Borgnjor's Revivification          Necromancy                   8
   Death's Door                       Charms/Necromancy            8
   Necromutation                      Transmutation/Necromancy     8
Miscellaneous
 a - a lamp of fire
 b - a lamp of fire
 c - a stone of tremors
 P - a fan of gales
Rods
 V - a cursed +2 rod of destruction (13/13)
   (You found it in the Dungeon)
 W - a +0 rod of clouds (13/13)
   (You found it in the Dungeon)


   Skills:
 O Level 27 Fighting
 O Level 27 Axes
 O Level 27 Armour
 + Level 25.1 Dodging
 O Level 27 Shields
 - Level 16.2 Charms
 O Level 27 Evocations


You had 11 spell levels left.
You knew the following spells:

 Your Spells              Type           Power        Failure   Level  Hunger
a - Haste                 Chrm           ###.....     45%         6    #######


Dungeon Overview and Level Annotations

Branches:
Dungeon (1/1)

Altars:
Ashenzari
Cheibriados
Dithmenos
Elyvilon
Fedhas
Gozag
Kikubaaqudgha
Makhleb
Nemelex Xobeh
Okawaru
Qazlal
Sif Muna
Trog
Vehumet
Xom
Yredelemnul
Zin
The Shining One
Beogh
Jiyva
Lugonu

Annotations:
D exclusion: Roxanne, Ignacio, Louise, Roxanne, the iron giant


Innate Abilities, Weirdness & Mutations

You reflexively headbutt those who attack you in melee.
You have a pair of horns on your head.
You have a fast metabolism.


Message History

Ignacio gestures at you.
Your body is wracked with pain!
* * * LOW HITPOINT WARNING * * *
Ignacio gestures at you. Pain shoots through your body!
* * * LOW HITPOINT WARNING * * *
You block Ignacio's attack. x2
Ignacio misses you. You block Ignacio's attack.
You feel as though you will be slow longer.
Unknown command.
Unknown command.
You slash Ignacio!
Ignacio is lightly wounded.
You slash the iron giant!
The iron giant is severely wounded.
Ignacio hits you but does no damage.
You writhe in agony.
* * * LOW HITPOINT WARNING * * *
You block Ignacio's attack. x3
The iron giant hits you with a giant club!!
You die...

..... ▓§).........
......
▓§...........
......
▓§(..........
......
▓§§}§..........
......
▓)§.............
.....▓
▓.)§§▓.........▓
....▓▓ .
▓..(▓▓▓EE.....▓▓ .
.....▓..
▓..))▓)C.......▓..
........
▓...§1@@..........
.........
▓..|...............
.........
▓..................
▓▓▓▓▓▓▓▓▓
▓▓▓▓▓▓▓▓▓▓▓▓▓▓▓▓▓▓▓


You could see Ignacio, the iron giant, 2 iron elementals and Louise.

Vanquished Creatures
  Cerebov (D)
  Lom Lobon (D)
  6 greater mummies (D)
  Boris (D)
  the Lernaean hydra (D)
  An Ice Fiend (D)
  An Orb Guardian (D)
  A quicksilver dragon (D)
  4 deep elf blademasters (D)
  4 acid blobs (D)
  3 deep elf master archers (D)
  2 azure jellies (D)
  5 draconian monks (D)
  A deep elf sorcerer (D)
  4 draconian knights (D)
  4 draconian scorchers (D)
  An iron dragon (D)
  3 draconian zealots (D)
  A balrug (D)
  3 reapers (D)
  3 draconian annihilators (D)
  5 draconian shifters (D)
  2 draconian callers (D)
  A stone giant (D)
  A deep elf demonologist (D)
  10 green draconians (D)
  6 grey draconians (D)
  6 mottled draconians (D)
  A deep elf annihilator (D)
  7 black draconians (D)
  8 yellow draconians (D)
  9 purple draconians (D)
  9 red draconians (D)
  3 pale draconians (D)
  13 white draconians (D)
  10 mummy priests (D)
  A deep elf death mage (D)
  2 crystal guardians (D)
  2 minotaurs (shapeshifter) (D)
  2 death oozes (D)
  A jiangshi (D)
  3 deep elf high priests (D)
  A great orb of eyes (D)
  A hydra (shapeshifter) (D)
  2 naga warriors (D)
  Erica (D)
  5 soul eaters (D)
  2 thrashing horrors (D)
  A hell knight (D)
  2 shadow wraiths (D)
  7 iron golems (D)
  A sun demon (D)
  A deep elf knight (D)
  A human zombie (D)
  A death drake (D)
  A flayed ghost (D)
  3 ball lightnings (D)
  A large abomination (D)
  4 deep elf summoners (D)
  A wolf spider (D)
  3 deep elf conjurers (D)
  3 draconian zombies (D)
  A phantasmal warrior (D)
  A hellion (D)
  A hell beast (D)
  An elf zombie (D)
  3 red wasps (D)
  A red wasp (shapeshifter) (D)
  2 shining eyes (D)
  A black mamba (D)
  2 eyes of devastation (D)
  A spiny frog (D)
  A mermaid (shapeshifter) (D)
  14 fire elementals (D)
  A naga mage (D)
  A spiny frog (shapeshifter) (D)
  A guardian serpent (D)
  2 gargoyles (D)
  A purple draconian zombie (D)
  A smoke demon (D)
  2 red draconian zombies (D)
  A yellow draconian zombie (D)
  A grey draconian zombie (D)
  2 black draconian zombies (D)
  A komodo dragon (shapeshifter) (D)
  A white draconian zombie (D)
  A fire drake (D)
  3 komodo dragons (D)
  Grinder (D)
  A hellwing (D)
  31 guardian mummies (D)
  A red devil (D)
  2 merfolk (D)
  A deep elf priest (D)
  A giant firefly (shapeshifter) (D)
  A spectral elf (D)
  A jumping spider (D)
  A raiju (shapeshifter) (D)
  A brown ooze (D)
  A formicid (shapeshifter) (D)
  2 redbacks (D)
  3 flying skulls (D)
  A redback (shapeshifter) (D)
  2 vampires (D)
  3 tarantellas (D)
  A fire bat (D)
  3 toenail golems (D)
  A basilisk (D)
  4 shadows (D)
  2 deep elf magi (D)
  A ynoxinul (D)
  A human (shapeshifter) (D)
  A spriggan (shapeshifter) (D)
  A tarantella (shapeshifter) (D)
  Grum (D)
  3 deep elf fighters (D)
  3 ugly things (D)
  2 neqoxecs (D)
  A wyvern (shapeshifter) (D)
  2 golden eyes (D)
  A chaos spawn (D)
  Menkaure (D)
  2 nagas (D)
  3 water moccasins (D)
  A small abomination (D)
  A swamp drake (D)
  2 yellow wasps (D)
  3 starcursed masses (D)
  A deep dwarf (shapeshifter) (D)
  An ogre (shapeshifter) (D)
  A tengu (shapeshifter) (D)
  A centaur (shapeshifter) (D)
  A boring beetle (shapeshifter) (D)
  21 earth elementals (D)
  A giant frog (D)
  Blork the orc (D)
  A killer bee (D)
  3 wights (D)
  2 orc wizards (D)
  3 quasits (D)
  3 jellies (D)
  An iguana (D)
  4 orange rats (D)
  A sheep (D)
  9 mummies (D)
  A gnoll zombie (D)
  4 white imps (D)
  4 adders (D)
  5 ufetubi (D)
  2 worms (D)
  An adder zombie (D)
  A giant eyeball (D)
  An ooze (shapeshifter) (D)
  2 orcs (D)
  A bat skeleton (D)
  A jackal (D)
  4 ball pythons (D)
  2 hobgoblin zombies (D)
  A kobold simulacrum (D)
  2 kobold skeletons (D)
  A kobold zombie (D)
  A quokka (D)
  A spectral goblin (D)
  A spectral hobgoblin (D)
  4 crawling corpses (D)
  6 fungi (D)
439 creatures vanquished.

Vanquished Creatures (collateral kills)
  Nikola (D)
  A bone dragon (D)
  An Ice Fiend (D)
  An acid blob (D)
  A deep elf sorcerer (D)
  A stone giant (shapeshifter) (D)
  2 reapers (D)
  3 grey draconians (D)
  A draconian shifter (D)
  A draconian caller (D)
  2 yellow draconians (D)
  A deep elf annihilator (D)
  A white draconian (D)
  A purple draconian (shapeshifter) (D)
  2 black draconians (D)
  A mottled draconian (D)
  A lorocyproca (D)
  2 red draconians (D)
  2 purple draconians (D)
  A death ooze (D)
  A mummy priest (D)
  A deep elf high priest (D)
  3 naga warriors (D)
  3 soul eaters (D)
  Urug (D)
  A catoblepas (shapeshifter) (D)
  2 deep elf knights (D)
  A wretched star (D)
  An orb spider (D)
  An orc sorcerer (D)
  A faun (shapeshifter) (D)
  A mermaid (shapeshifter) (D)
  A manticore (shapeshifter) (D)
  A moth of wrath (D)
  A spiny frog (D)
  An apocalypse crab (D)
  A purple draconian zombie (D)
  2 eyes of devastation (D)
  A yaktaur (shapeshifter) (D)
  An orange demon (D)
  A gargoyle (D)
  A fire drake (D)
  2 demonic crawlers (D)
  4 guardian mummies (D)
  A giant leech (shapeshifter) (D)
  A queen bee (shapeshifter) (D)
  2 slime creatures (D)
  2 earth elementals (D)
  A brown ooze (D)
  A shadow (D)
  A golden eye (D)
  A yak (shapeshifter) (D)
  Eustachio (D)
  4 deep elf magi (D)
  A tarantella (shapeshifter) (D)
  A naga (shapeshifter) (D)
  Edmund (D)
  A water moccasin (D)
  A spider (D)
  A starcursed mass (D)
  A scorpion (D)
  An orange rat (D)
  5 mummies (D)
  An adder (D)
  A white imp (D)
  An adder skeleton (D)
  A ball python (D)
  A kobold zombie (D)
  A crawling corpse (D)
95 creatures vanquished.

Vanquished Creatures (others)
  Geryon (D)
  the Enchantress (D)
  Frances (D)
  A draconian annihilator (D)
  A pale draconian (D)
  9 ball lightnings (D)
  Erolcha (D)
  A hellion (D)
  62 fire elementals (D)
  5 earth elementals (D)
  A jelly (D)
  Crazy Yiuf (D)
  Jessica (D)
  Terence (D)
  A human zombie (D)
  An adder zombie (D)
89 creatures vanquished.

Grand Total: 623 creatures vanquished

Notes
Turn   | Place    | Note
--------------------------------------------------------------
     0 | D        | MDvedh, the Minotaur Fighter, began the quest for the Orb.
     0 | D        | Reached XP level 1. HP: 19/19 MP: 1/1
     0 | D        | Found a roughly hewn altar of Beogh.
     0 | D        | Found an ancient bone altar of Kikubaaqudgha.
     2 | D        | Found a corrupted altar of Lugonu.
     2 | D        | Found a basalt altar of Yredelemnul.
     2 | D        | Found an iron altar of Okawaru.
     2 | D        | Found a burning altar of Makhleb.
     2 | D        | Found a radiant altar of Vehumet.
     2 | D        | Killed Terence
     2 | D        | Killed Jessica
     4 | D        | Found a shimmering altar of Xom.
    10 | D        | Found a white marble altar of Elyvilon.
    10 | D        | Found a deep blue altar of Sif Muna.
    11 | D        | Found a sparkling altar of Nemelex Xobeh.
    17 | D        | Reached skill level 9 in Axes
    17 | D        | Reached XP level 2. HP: 26/26 MP: 1/1
    20 | D        | Found a bloodstained altar of Trog.
    32 | D        | Became a worshipper of Makhleb the Destroyer
    72 | D        | Killed Frances
    87 | D        | Entered arena 1.
    87 | D        | Noticed a merfolk
    87 | D        | Noticed a merfolk
   106 | D        | Killed a merfolk
   106 | D        | Reached skill level 14 in Axes
   106 | D        | Reached XP level 3. HP: 15/31 MP: 2/2
   106 | D        | Reached XP level 4. HP: 18/39 MP: 2/2
   106 | D        | Reached XP level 5. HP: 20/45 MP: 2/2
   111 | D        | Killed a merfolk
   111 | D        | Reached skill level 16 in Axes
   111 | D        | Reached XP level 6. HP: 23/51 MP: 3/3
   217 | D        | Killed Erolcha
   278 | D        | Entered arena 2.
   278 | D        | Noticed a golden eye
   278 | D        | Noticed a jelly
   279 | D        | Paralysed by a giant eyeball for 3 turns
   283 | D        | Paralysed by a giant eyeball for 3 turns
   292 | D        | Killed a golden eye
   292 | D        | Acquired Makhleb's first power
   292 | D        | Reached skill level 5 in Fighting
   292 | D        | Reached skill level 5 in Armour
   292 | D        | Reached XP level 7. HP: 39/61 MP: 3/3
   293 | D        | Killed a jelly
   366 | D        | Entered arena 3.
   366 | D        | Noticed a water moccasin
   369 | D        | Acquired Makhleb's second power
   370 | D        | Killed a water moccasin
   370 | D        | Reached skill level 17 in Axes
   380 | D        | Entered arena 4.
   380 | D        | Noticed an orc wizard
   380 | D        | Noticed an orc wizard
   383 | D        | Acquired Makhleb's third power
   384 | D        | Killed an orc wizard
   388 | D        | Killed an orc wizard
   397 | D        | Got the amulet "Ufief" {Inacc Dex+4 Int+2}
   403 | D        | Entered arena 5.
   403 | D        | Noticed a water moccasin
   403 | D        | Noticed a naga
   408 | D        | Acquired Makhleb's fourth power
   412 | D        | Killed a water moccasin
   414 | D        | Killed a naga
   418 | D        | Acquired Makhleb's fifth power
   427 | D        | Entered arena 6.
   427 | D        | Noticed a toenail golem
   427 | D        | Noticed an earth elemental
   427 | D        | Noticed a gargoyle
   427 | D        | Noticed a toenail golem
   427 | D        | Noticed a toenail golem
   427 | D        | Noticed an earth elemental
   433 | D        | Killed a toenail golem
   433 | D        | Reached XP level 8. HP: 74/74 MP: 3/3
   435 | D        | Killed a toenail golem
   438 | D        | Killed a toenail golem
   440 | D        | Killed a gargoyle
   440 | D        | Reached skill level 18 in Axes
   440 | D        | Reached skill level 10 in Armour
   440 | D        | Killed an earth elemental
   440 | D        | Reached skill level 10 in Fighting
   448 | D        | Killed an earth elemental
   448 | D        | Reached skill level 1 in Evocations
   495 | D        | Entered arena 7.
   495 | D        | Noticed a deep elf conjurer
   495 | D        | Noticed a deep elf demonologist
   500 | D        | Noticed a blue devil
   501 | D        | Noticed a soul eater
   502 | D        | Killed a deep elf conjurer
   502 | D        | Reached XP level 9. HP: 82/89 MP: 5/9
   504 | D        | Killed a deep elf demonologist
   570 | D        | Got the ring of Treaqe Siga {rC+ Stlth++}
   575 | D        | Got the amulet "Stio" {Spirit rF+ rC-}
   582 | D        | Entered arena 8.
   582 | D        | Noticed a deep elf summoner
   582 | D        | Noticed a deep elf knight
   582 | D        | Noticed a deep elf priest
   582 | D        | Noticed a deep elf summoner
   582 | D        | Noticed a deep elf mage
   582 | D        | Noticed a deep elf conjurer
   584 | D        | Killed a deep elf priest
   590 | D        | Killed a deep elf summoner
   590 | D        | Reached XP level 10. HP: 98/101 MP: 13/16
   594 | D        | Killed a deep elf knight
   595 | D        | Killed a deep elf mage
   597 | D        | Killed a deep elf conjurer
   603 | D        | Killed a deep elf summoner
   829 | D        | Entered arena 9.
   829 | D        | Noticed a purple ugly thing
   829 | D        | Noticed a tarantella
   829 | D        | Noticed a red ugly thing
   829 | D        | Noticed a spiny frog
   829 | D        | Noticed a red ugly thing
   829 | D        | Noticed a giant firefly
   829 | D        | Noticed a guardian serpent
   829 | D        | Noticed a neqoxec
   829 | D        | a guardian serpent changed into a komodo dragon
   833 | D        | Killed a tarantella
   834 | D        | Killed a giant firefly
   835 | D        | Killed a neqoxec
   838 | D        | Killed a purple ugly thing
   838 | D        | Killed a red ugly thing
   838 | D        | Killed a spiny frog
   840 | D        | Killed a red ugly thing
   840 | D        | Reached skill level 10 in Evocations
   842 | D        | Reached skill level 15 in Armour
   846 | D        | Got the ring "Huwiuduw" {rC+ Str-5 Curse}
   922 | D        | Entered arena 10.
   922 | D        | Noticed a guardian mummy
   922 | D        | Noticed a guardian mummy
   922 | D        | Noticed a mummy priest
   922 | D        | Noticed a guardian mummy
   922 | D        | Noticed a flying skull
   922 | D        | Noticed a guardian mummy
   922 | D        | Noticed a guardian mummy
   922 | D        | Noticed a guardian mummy
   928 | D        | Killed a guardian mummy
   928 | D        | Reached skill level 15 in Fighting
   929 | D        | Killed a guardian mummy
   930 | D        | Killed a flying skull
   930 | D        | Killed a guardian mummy
   930 | D        | Reached XP level 11. HP: 112/112 MP: 21/21
   931 | D        | Killed a guardian mummy
   933 | D        | Noticed a sun demon
   935 | D        | Killed a guardian mummy
   938 | D        | Killed a guardian mummy
   938 | D        | Killed a sun demon
   939 | D        | Killed a mummy priest
   939 | D        | Noticed a soul eater
   949 | D        | Killed a soul eater
  1158 | D        | Entered arena 11.
  1158 | D        | Noticed a spiny frog
  1158 | D        | Noticed a basilisk
  1158 | D        | Noticed a water moccasin
  1158 | D        | Noticed a giant frog
  1159 | D        | Noticed an iguana
  1159 | D        | Noticed a spiny frog
  1160 | D        | Killed a basilisk
  1163 | D        | Killed a water moccasin
  1164 | D        | Killed a spiny frog
  1167 | D        | Killed an iguana
  1167 | D        | Killed a giant frog
  1168 | D        | Killed a spiny frog
  1191 | D        | Entered arena 12.
  1191 | D        | Noticed a green draconian annihilator
  1191 | D        | Noticed a white draconian
  1191 | D        | Noticed a pale draconian scorcher
  1191 | D        | Noticed a purple draconian
  1191 | D        | Noticed a purple draconian
  1191 | D        | Noticed a purple draconian
  1191 | D        | Noticed a green draconian
  1191 | D        | Noticed a green draconian
  1193 | D        | Noticed a mottled draconian
  1193 | D        | Noticed a pale draconian
  1196 | D        | Noticed a green draconian
  1200 | D        | Killed a purple draconian
  1202 | D        | Killed a green draconian
  1209 | D        | Killed a green draconian annihilator
  1214 | D        | Killed a pale draconian
  1216 | D        | Killed a purple draconian
  1217 | D        | Killed a white draconian
  1217 | D        | Reached XP level 12. HP: 87/127 MP: 25/25
  1218 | D        | Killed a mottled draconian
  1221 | D        | Killed a green draconian
  1224 | D        | Killed a purple draconian
  1229 | D        | Killed a green draconian
  1231 | D        | Killed a pale draconian scorcher
  1231 | D        | Reached skill level 19 in Fighting
  1244 | D        | Entered arena 13.
  1244 | D        | Noticed a wight
  1244 | D        | Noticed a shadow
  1245 | D        | Noticed a hell knight
  1245 | D        | Noticed a hellion
  1245 | D        | Noticed a red devil
  1253 | D        | Noticed a wight
  1254 | D        | Killed a shadow
  1257 | D        | Killed a hell knight
  1258 | D        | Killed a wight
  1263 | D        | Noticed a fire bat
  1264 | D        | Noticed a vampire
  1265 | D        | Killed a hellion
  1266 | D        | Noticed a balrug
  1269 | D        | Killed a wight
  1273 | D        | Killed a vampire
  1276 | D        | Killed a balrug
  1276 | D        | Reached skill level 15 in Evocations
  1279 | D        | Killed a fire bat
  1283 | D        | Killed a red devil
  1472 | D        | Entered arena 14.
  1472 | D        | Noticed a black mamba
  1472 | D        | Noticed a naga warrior
  1473 | D        | Noticed a guardian serpent
  1473 | D        | Noticed a water moccasin
  1473 | D        | Noticed a naga
  1473 | D        | Noticed a naga warrior
  1473 | D        | Noticed a naga warrior
  1473 | D        | Noticed a naga warrior
  1474 | D        | Noticed a naga mage
  1474 | D        | Killed a naga
  1477 | D        | Killed a black mamba
  1478 | D        | Killed a naga warrior
  1478 | D        | Killed a naga mage
  1479 | D        | Noticed a naga warrior
  1479 | D        | Killed a water moccasin
  1483 | D        | Killed a guardian serpent
  1485 | D        | Killed a naga warrior
  1485 | D        | Reached skill level 20 in Fighting
  1486 | D        | Killed a naga warrior
  1487 | D        | Killed a naga warrior
  1488 | D        | Killed a naga warrior
  1626 | D        | Entered arena 15.
  1626 | D        | Noticed a tarantella
  1626 | D        | Noticed a scorpion
  1626 | D        | Noticed a wolf spider
  1627 | D        | Noticed a jumping spider
  1627 | D        | Noticed a red wasp
  1627 | D        | Noticed a yellow wasp
  1627 | D        | Noticed a yellow wasp
  1627 | D        | Noticed a tarantella
  1627 | D        | Noticed a spider
  1627 | D        | Noticed a red wasp
  1627 | D        | Noticed a red wasp
  1628 | D        | Noticed a demonic crawler
  1628 | D        | Noticed a demonic crawler
  1628 | D        | Noticed an orb spider
  1628 | D        | Killed a tarantella
  1629 | D        | Killed a red wasp
  1629 | D        | Killed a jumping spider
  1629 | D        | Reached XP level 13. HP: 140/140 MP: 28/28
  1630 | D        | Killed a yellow wasp
  1630 | D        | Killed a wolf spider
  1630 | D        | Killed a yellow wasp
  1630 | D        | Killed a spider
  1631 | D        | Killed an orb spider
  1631 | D        | Killed a red wasp
  1633 | D        | Killed a scorpion
  1633 | D        | Killed a demonic crawler
  1634 | D        | Killed a red wasp
  1634 | D        | Killed a tarantella
  1637 | D        | Killed a demonic crawler
  1805 | D        | Got the amulet "Prear" {Faith +Fly rC+ Str+1 SInv}
  1815 | D        | Identified the Collected Works on Aerial Self-Knowledge (You found it in the Dungeon)
  1820 | D        | Entered arena 16.
  1822 | D        | Noticed a black draconian
  1822 | D        | Noticed a grey draconian
  1822 | D        | Noticed a green draconian
  1823 | D        | Noticed a white draconian
  1823 | D        | Noticed a purple draconian
  1823 | D        | Noticed a grey draconian
  1823 | D        | Noticed a green draconian
  1823 | D        | Noticed a moth of wrath
  1824 | D        | Noticed a mottled draconian
  1825 | D        | Noticed an Orb Guardian
  1828 | D        | Noticed a mottled draconian
  1830 | D        | Noticed a green draconian
  1832 | D        | Noticed a red draconian
  1833 | D        | Killed an Orb Guardian
  1833 | D        | Reached skill level 21 in Fighting
  1836 | D        | Noticed a yellow draconian
  1837 | D        | Noticed a mottled draconian knight
  1840 | D        | Killed a purple draconian
  1841 | D        | Killed a mottled draconian
  1843 | D        | Killed a moth of wrath
  1846 | D        | Killed a mottled draconian knight
  1847 | D        | Killed a green draconian
  1847 | D        | Killed a grey draconian
  1848 | D        | Killed a white draconian
  1853 | D        | Killed a red draconian
  1853 | D        | Reached skill level 22 in Armour
  1856 | D        | Killed a yellow draconian
  1857 | D        | Killed a green draconian
  1859 | D        | Killed a green draconian
  1863 | D        | Killed a grey draconian
  1865 | D        | Killed a mottled draconian
  1866 | D        | Killed a black draconian
  1955 | D        | Entered arena 17.
  1957 | D        | Noticed a quicksilver dragon
  1957 | D        | Noticed an iron golem
  1957 | D        | Noticed an earth elemental
  1958 | D        | Noticed an iron golem
  1958 | D        | Noticed a crystal guardian
  1958 | D        | Noticed a stone giant
  1958 | D        | Noticed an iron golem
  1958 | D        | Noticed an iron dragon
  1959 | D        | Noticed an earth elemental
  1961 | D        | Noticed a gargoyle
  1963 | D        | Noticed a crystal guardian
  1964 | D        | Noticed an iron golem
  1967 | D        | Noticed an iron golem
  1967 | D        | Noticed an iron golem
  1967 | D        | Killed a quicksilver dragon
  1968 | D        | Noticed a gargoyle
  1969 | D        | Noticed an earth elemental
  1971 | D        | Noticed an earth elemental
  1974 | D        | Killed a gargoyle
  1975 | D        | Killed a stone giant
  1976 | D        | Noticed an iron golem
  1977 | D        | Killed an iron dragon
  1977 | D        | Reached XP level 14. HP: 151/155 MP: 29/31
  1979 | D        | Killed an earth elemental
  1979 | D        | Killed a crystal guardian
  1984 | D        | Killed an earth elemental
  1986 | D        | Killed an earth elemental
  1989 | D        | Killed an iron golem
  1995 | D        | Killed a crystal guardian
  1995 | D        | Reached skill level 10 in Shields
  1996 | D        | Killed an iron golem
  1997 | D        | Killed an iron golem
  2005 | D        | Killed a gargoyle
  2010 | D        | Killed an iron golem
  2011 | D        | Killed an iron golem
  2011 | D        | Killed an iron golem
  2015 | D        | Killed an iron golem
  2020 | D        | Killed an earth elemental
  2053 | D        | Entered arena 18.
  2060 | D        | Noticed a large abomination
  2060 | D        | Noticed a small abomination
  2061 | D        | Noticed a thrashing horror
  2065 | D        | Noticed a bone dragon
  2066 | D        | Noticed a thrashing horror
  2067 | D        | Killed a small abomination
  2068 | D        | Noticed a wretched star
  2068 | D        | Killed a thrashing horror
  2068 | D        | Killed a large abomination
  2074 | D        | Killed a thrashing horror
  2077 | D        | Noticed a starcursed mass
  2079 | D        | Noticed a smoke demon
  2081 | D        | Noticed a jelly
  2082 | D        | Killed a jelly
  2082 | D        | Killed a bone dragon
  2083 | D        | Noticed a starcursed mass
  2083 | D        | Killed a wretched star
  2086 | D        | Noticed a starcursed mass
  2086 | D        | Killed a starcursed mass
  2086 | D        | Killed a smoke demon
  2087 | D        | Killed a starcursed mass
  2088 | D        | Noticed a starcursed mass
  2089 | D        | Noticed a starcursed mass
  2089 | D        | Noticed a starcursed mass
  2089 | D        | Noticed a quasit
  2089 | D        | Killed a starcursed mass
  2092 | D        | Killed a quasit
  2094 | D        | Noticed an apocalypse crab
  2096 | D        | Noticed a quasit
  2097 | D        | Noticed a quasit
  2097 | D        | Killed a starcursed mass
  2098 | D        | Killed a quasit
  2100 | D        | Killed a quasit
  2105 | D        | Killed an apocalypse crab
  2115 | D        | Got the ring of Twivousm {Dex+3 Int-3 Dam+3 Stlth-}
  2156 | D        | Entered arena 19.
  2163 | D        | Noticed a mummy priest
  2163 | D        | Noticed a guardian mummy
  2177 | D        | Killed a guardian mummy
  2179 | D        | Noticed a guardian mummy
  2180 | D        | Killed a mummy priest
  2182 | D        | Noticed a mummy priest
  2184 | D        | Noticed a greater mummy
  2189 | D        | Noticed a mummy priest
  2189 | D        | Noticed a greater mummy
  2189 | D        | Killed a mummy priest
  2190 | D        | Noticed a greater mummy
  2192 | D        | Noticed a guardian mummy
  2197 | D        | Killed a guardian mummy
  2197 | D        | Killed a mummy priest
  2197 | D        | Reached skill level 15 in Shields
  2198 | D        | Noticed a flying skull
  2199 | D        | Noticed a mummy priest
  2200 | D        | Noticed a guardian mummy
  2200 | D        | Killed a greater mummy
  2201 | D        | Noticed a greater mummy
  2206 | D        | Noticed a guardian mummy
  2206 | D        | Killed a flying skull
  2206 | D        | Killed a guardian mummy
  2206 | D        | Killed a guardian mummy
  2208 | D        | Killed a mummy priest
  2210 | D        | Killed a greater mummy
  2212 | D        | Killed a greater mummy
  2212 | D        | Reached XP level 15. HP: 121/162 MP: 32/34
  2218 | D        | Killed a greater mummy
  2218 | D        | Reached skill level 23 in Evocations
  2219 | D        | Noticed a mummy priest
  2221 | D        | Killed a guardian mummy
  2222 | D        | Noticed a guardian mummy
  2229 | D        | Killed a guardian mummy
  2235 | D        | Killed a mummy priest
  2268 | D        | Entered arena 20.
  2276 | D        | Noticed an azure jelly
  2276 | D        | Noticed an acid blob
  2276 | D        | Noticed a jelly
  2276 | D        | Noticed a brown ooze
  2276 | D        | Noticed an acid blob
  2279 | D        | Noticed a jelly
  2279 | D        | Noticed an acid blob
  2279 | D        | Noticed a shining eye
  2280 | D        | Noticed an acid blob
  2280 | D        | Noticed a brown ooze
  2280 | D        | Killed an acid blob
  2281 | D        | Gained mutation: You have a fast metabolism. [a shining eye]
  2282 | D        | Noticed an eye of devastation
  2282 | D        | Noticed a shining eye
  2282 | D        | Killed a brown ooze
  2282 | D        | Killed a shining eye
  2283 | D        | Noticed an eye of devastation
  2284 | D        | Noticed a golden eye
  2284 | D        | Noticed a slime creature
  2284 | D        | Noticed a death ooze
  2284 | D        | Noticed an acid blob
  2285 | D        | Noticed an eye of devastation
  2285 | D        | Noticed a great orb of eyes
  2285 | D        | Noticed a death ooze
  2285 | D        | Noticed an azure jelly
  2285 | D        | Killed a jelly
  2286 | D        | Killed a golden eye
  2287 | D        | Noticed a golden eye
  2287 | D        | Noticed a slime creature
  2287 | D        | Killed an acid blob
  2287 | D        | Killed a golden eye
  2288 | D        | Killed a death ooze
  2290 | D        | Killed an acid blob
  2290 | D        | Reached skill level 24 in Evocations
  2290 | D        | Killed a shining eye
  2291 | D        | Killed an eye of devastation
  2292 | D        | Noticed an eye of devastation
  2293 | D        | Noticed a death ooze
  2293 | D        | Killed a great orb of eyes
  2293 | D        | Killed a slime creature
  2294 | D        | Killed an acid blob
  2294 | D        | Killed an azure jelly
  2295 | D        | Killed an azure jelly
  2295 | D        | Killed an eye of devastation
  2296 | D        | Killed a death ooze
  2296 | D        | Killed a death ooze
  2297 | D        | Killed a brown ooze
  2298 | D        | Killed an acid blob
  2298 | D        | Killed a jelly
  2299 | D        | Killed an eye of devastation
  2299 | D        | Killed a slime creature
  2301 | D        | Killed an eye of devastation
  2342 | D        | Got the ring "Duquaxu" {rN+ Dex+1}
  2349 | D        | Got the amulet of the Ladybird {+Rage Dex+3 Int+3}
  2368 | D        | Entered arena 21.
  2373 | D        | Reached skill level 5 in Dodging
  2381 | D        | Reached skill level 25 in Evocations
  2384 | D        | Noticed a quicksilver dragon
  2385 | D        | Noticed a sphinx
  2385 | D        | a quicksilver dragon changed into a sphinx
  2389 | D        | a sphinx changed into a stone giant
  2445 | D        | Identified Xunn's Catalogue of Blistering Protection (You found it in the Dungeon)
  2453 | D        | Entered arena 22.
  2464 | D        | Noticed a deep elf blademaster
  2464 | D        | Noticed a deep elf annihilator
  2465 | D        | Noticed a deep elf blademaster
  2474 | D        | Noticed a deep elf sorcerer
  2476 | D        | Noticed a deep elf summoner
  2477 | D        | Killed a deep elf blademaster
  2478 | D        | Noticed a deep elf master archer
  2478 | D        | Killed a deep elf blademaster
  2478 | D        | Reached skill level 10 in Dodging
  2479 | D        | Killed a deep elf summoner
  2480 | D        | Noticed a deep elf blademaster
  2481 | D        | Noticed a deep elf sorcerer
  2481 | D        | Noticed a deep elf fighter
  2481 | D        | Noticed a deep elf high priest
  2481 | D        | Noticed a deep elf death mage
  2481 | D        | Noticed a deep elf high priest
  2481 | D        | Noticed a deep elf blademaster
  2482 | D        | Noticed a deep elf master archer
  2482 | D        | Noticed a deep elf summoner
  2482 | D        | Noticed a deep elf master archer
  2483 | D        | Noticed a deep elf knight
  2484 | D        | Killed a deep elf blademaster
  2484 | D        | Killed a deep elf master archer
  2484 | D        | Reached XP level 16. HP: 172/172 MP: 36/36
  2486 | D        | Killed a deep elf blademaster
  2487 | D        | Killed a deep elf summoner
  2487 | D        | Killed a deep elf death mage
  2488 | D        | Noticed a deep elf mage
  2491 | D        | Killed a deep elf sorcerer
  2493 | D        | Killed a deep elf fighter
  2494 | D        | Noticed a deep elf high priest
  2494 | D        | Killed a deep elf sorcerer
  2495 | D        | Killed a deep elf master archer
  2495 | D        | Killed a deep elf master archer
  2496 | D        | Noticed a deep elf knight
  2496 | D        | Noticed a deep elf mage
  2496 | D        | Noticed a deep elf mage
  2496 | D        | Noticed a deep elf fighter
  2496 | D        | Noticed an orc sorcerer
  2496 | D        | Noticed a deep elf fighter
  2496 | D        | Killed an orc sorcerer
  2497 | D        | Noticed a deep elf annihilator
  2497 | D        | Noticed a deep elf high priest
  2497 | D        | Noticed a deep elf mage
  2497 | D        | Noticed a deep elf mage
  2497 | D        | Killed a deep elf high priest
  2498 | D        | Killed a deep elf annihilator
  2498 | D        | Killed a deep elf mage
  2499 | D        | Noticed a deep elf conjurer
  2499 | D        | Killed a deep elf mage
  2499 | D        | Killed a deep elf fighter
  2499 | D        | Killed a deep elf high priest
  2499 | D        | Killed a deep elf fighter
  2500 | D        | Killed a deep elf knight
  2501 | D        | Killed a deep elf mage
  2501 | D        | Killed a deep elf mage
  2503 | D        | Killed a deep elf high priest
  2503 | D        | Killed a deep elf mage
  2504 | D        | Killed a deep elf annihilator
  2506 | D        | Killed a deep elf high priest
  2509 | D        | Killed a deep elf conjurer
  2514 | D        | Killed a deep elf knight
  2586 | D        | Identified Sif Muna's Catalogue of the Supportive Voyage (You found it in the Dungeon)
  2601 | D        | Identified the Grimoire of Self-Knowledge (You found it in the Dungeon)
  2608 | D        | Learned a level 6 spell: Haste
  2610 | D        | Entered arena 23.
  2619 | D        | Noticed a green draconian shifter
  2619 | D        | Noticed a black draconian
  2619 | D        | Noticed a purple draconian
  2620 | D        | Noticed a yellow draconian
  2620 | D        | Noticed a yellow draconian monk
  2620 | D        | Noticed a purple draconian
  2621 | D        | Noticed a black draconian
  2621 | D        | Noticed a mottled draconian
  2621 | D        | Noticed a grey draconian
  2621 | D        | Noticed a mottled draconian shifter
  2621 | D        | Noticed a white draconian
  2622 | D        | Noticed a yellow draconian
  2622 | D        | Noticed a red draconian
  2623 | D        | Noticed a purple draconian scorcher
  2624 | D        | Noticed a white draconian zealot
  2624 | D        | Killed a black draconian
  2625 | D        | Noticed a white draconian
  2626 | D        | Noticed a pale draconian
  2626 | D        | Noticed a pale draconian
  2626 | D        | Noticed a green draconian
  2627 | D        | Noticed a pale draconian caller
  2628 | D        | Noticed a green draconian
  2628 | D        | Noticed a purple draconian caller
  2629 | D        | Noticed a black draconian
  2629 | D        | Noticed a white draconian
  2629 | D        | Noticed a black draconian
  2629 | D        | Noticed a black draconian
  2629 | D        | Killed a black draconian
  2630 | D        | Noticed a white draconian
  2630 | D        | Killed a white draconian
  2630 | D        | Killed a yellow draconian
  2630 | D        | Reached skill level 5 in Charms
  2631 | D        | Noticed a yellow draconian
  2631 | D        | Noticed a pale draconian monk
  2631 | D        | Noticed a yellow draconian shifter
  2631 | D        | Noticed a red draconian
  2631 | D        | Noticed a pale draconian knight
  2631 | D        | Killed a mottled draconian
  2631 | D        | Killed a mottled draconian shifter
  2632 | D        | Noticed a yellow draconian
  2632 | D        | Noticed a yellow draconian
  2632 | D        | Noticed a grey draconian
  2632 | D        | Killed a purple draconian
  2632 | D        | Killed a purple draconian
  2633 | D        | Noticed a yellow draconian
  2633 | D        | Noticed a red draconian
  2633 | D        | Noticed a yellow draconian
  2633 | D        | Killed a green draconian
  2634 | D        | Killed a purple draconian scorcher
  2634 | D        | Killed a white draconian zealot
  2635 | D        | Killed a yellow draconian
  2635 | D        | Killed a yellow draconian monk
  2635 | D        | Reached skill level 10 in Charms
  2637 | D        | Noticed a black draconian annihilator
  2637 | D        | Killed a grey draconian
  2638 | D        | Killed a white draconian
  2639 | D        | Killed a purple draconian caller
  2640 | D        | Killed a pale draconian
  2640 | D        | Killed a yellow draconian
  2644 | D        | Killed a green draconian shifter
  2644 | D        | Killed a red draconian
  2644 | D        | Killed a yellow draconian shifter
  2644 | D        | Killed a white draconian
  2646 | D        | Killed a black draconian annihilator
  2647 | D        | Killed a pale draconian caller
  2647 | D        | Killed a black draconian
  2647 | D        | Killed a green draconian
  2647 | D        | Killed a pale draconian monk
  2647 | D        | Killed a pale draconian
  2647 | D        | Killed a white draconian
  2648 | D        | Killed a yellow draconian
  2649 | D        | Killed a black draconian
  2650 | D        | Killed a yellow draconian
  2651 | D        | Killed a black draconian
  2651 | D        | Killed a red draconian
  2651 | D        | Reached skill level 15 in Charms
  2651 | D        | Reached XP level 17. HP: 126/179 MP: 37/37
  2652 | D        | Killed a grey draconian
  2653 | D        | Killed a yellow draconian
  2653 | D        | Killed a pale draconian knight
  2653 | D        | Killed a red draconian
  2654 | D        | Killed a yellow draconian
  2723 | D        | Got the ring of Shrearra {+Inv Str+2 Int+2}
  2748 | D        | Got the +0 pair of boots "Ebbuh" {rC+}
  2759 | D        | Entered arena 24.
  2771 | D        | Noticed a mummy priest
  2771 | D        | Noticed a flying skull
  2771 | D        | Noticed a mummy priest
  2775 | D        | Noticed a guardian mummy
  2775 | D        | Noticed a guardian mummy
  2776 | D        | Killed a mummy priest
  2777 | D        | Killed a guardian mummy
  2778 | D        | Noticed a guardian mummy
  2780 | D        | Noticed a guardian mummy
  2781 | D        | Noticed a guardian mummy
  2783 | D        | Noticed a guardian mummy
  2783 | D        | Killed a guardian mummy
  2784 | D        | Noticed a mummy priest
  2784 | D        | Noticed a mummy priest
  2784 | D        | Killed a flying skull
  2784 | D        | Killed a guardian mummy
  2784 | D        | Killed a guardian mummy
  2785 | D        | Identified a +2 rod of the swarm (8/13)
  2788 | D        | Noticed a guardian mummy
  2788 | D        | Killed a mummy priest
  2789 | D        | Noticed a guardian mummy
  2791 | D        | Noticed a guardian mummy
  2792 | D        | Noticed a guardian mummy
  2792 | D        | Noticed a greater mummy
  2792 | D        | Noticed a guardian mummy
  2792 | D        | Noticed a guardian mummy
  2793 | D        | Killed a guardian mummy
  2794 | D        | Noticed a greater mummy
  2794 | D        | Noticed a guardian mummy
  2794 | D        | Noticed a guardian mummy
  2795 | D        | Noticed a guardian mummy
  2797 | D        | Noticed a mummy priest
  2797 | D        | Noticed a guardian mummy
  2799 | D        | Noticed a guardian mummy
  2799 | D        | Killed a guardian mummy
  2800 | D        | Killed a guardian mummy
  2801 | D        | Killed a mummy priest
  2801 | D        | Reached skill level 26 in Evocations
  2803 | D        | Noticed a guardian mummy
  2803 | D        | Killed a guardian mummy
  2803 | D        | Killed a guardian mummy
  2805 | D        | Noticed a guardian mummy
  2805 | D        | Killed a guardian mummy
  2805 | D        | Killed a guardian mummy
  2806 | D        | Killed a guardian mummy
  2806 | D        | Killed a guardian mummy
  2806 | D        | Killed a guardian mummy
  2807 | D        | Killed a mummy priest
  2809 | D        | Killed a guardian mummy
  2809 | D        | Killed a guardian mummy
  2809 | D        | Reached skill level 15 in Dodging
  2810 | D        | Noticed a guardian mummy
  2810 | D        | Noticed a guardian mummy
  2810 | D        | Killed a mummy priest
  2810 | D        | Killed a greater mummy
  2810 | D        | Killed a guardian mummy
  2811 | D        | Killed a greater mummy
  2811 | D        | Killed a guardian mummy
  2812 | D        | Noticed a guardian mummy
  2812 | D        | Killed a guardian mummy
  2812 | D        | Killed a guardian mummy
  2813 | D        | Killed a guardian mummy
  2814 | D        | Noticed a guardian mummy
  2816 | D        | Killed a guardian mummy
  2817 | D        | Killed a guardian mummy
  2878 | D        | Got the ring "Straigow" {MP+9 Str+3 Int+4}
  2895 | D        | Got a heavily runed large shield
  2915 | D        | Identified the +2 large shield of the Thirteen Demons {+Fly rF++} (You acquired it in the Dungeon)
  2969 | D        | Entered arena 25.
  2981 | D        | Noticed a purple draconian
  2981 | D        | Noticed a red draconian
  2981 | D        | Noticed a white draconian
  2982 | D        | Noticed a red draconian
  2982 | D        | Noticed a red draconian
  2982 | D        | Noticed a grey draconian
  2982 | D        | Noticed a grey draconian
  2982 | D        | Noticed a yellow draconian
  2983 | D        | Noticed a white draconian
  2984 | D        | Noticed a mottled draconian
  2991 | D        | Noticed a black draconian
  2991 | D        | Noticed a purple draconian
  2991 | D        | Noticed a yellow draconian
  2991 | D        | Noticed a mottled draconian zealot
  2991 | D        | Noticed a black draconian
  2992 | D        | Noticed a white draconian
  2992 | D        | Noticed a green draconian annihilator
  2992 | D        | Noticed a green draconian
  2993 | D        | Noticed a white draconian caller
  2993 | D        | Noticed a mottled draconian
  2993 | D        | Noticed a black draconian
  2996 | D        | Noticed a yellow draconian monk
  2998 | D        | Noticed a purple draconian knight
  3001 | D        | Noticed a grey draconian scorcher
  3002 | D        | Noticed a white draconian
  3002 | D        | Killed a red draconian
  3003 | D        | Noticed a red draconian
  3003 | D        | Noticed a purple draconian
  3004 | D        | Killed a white draconian
  3004 | D        | Killed a white draconian
  3006 | D        | Noticed a white draconian
  3007 | D        | Noticed a white draconian monk
  3007 | D        | Killed a yellow draconian
  3008 | D        | Killed a grey draconian
  3008 | D        | Killed a black draconian
  3008 | D        | Killed a red draconian
  3008 | D        | Killed a green draconian annihilator
  3009 | D        | Killed a yellow draconian monk
  3009 | D        | Reached skill level 27 in Evocations
  3009 | D        | Killed a yellow draconian
  3010 | D        | Killed a mottled draconian zealot
  3010 | D        | Killed a mottled draconian
  3010 | D        | Killed a grey draconian scorcher
  3012 | D        | Noticed a mottled draconian
  3012 | D        | Killed a purple draconian
  3012 | D        | Reached skill level 27 in Shields
  3012 | D        | Killed a white draconian monk
  3013 | D        | Noticed a white draconian
  3015 | D        | Killed a black draconian
  3016 | D        | Identified the +8,+7 dagger "Plix" {holy, Str+3 Dex+3}
  3017 | D        | Killed a grey draconian
  3018 | D        | Noticed a white draconian
  3018 | D        | Noticed a purple draconian shifter
  3018 | D        | Killed a green draconian
  3019 | D        | Killed a black draconian
  3019 | D        | Killed a purple draconian
  3019 | D        | Killed a white draconian caller
  3021 | D        | Killed a purple draconian
  3022 | D        | Noticed a pale draconian
  3023 | D        | Noticed a grey draconian
  3023 | D        | Noticed a pale draconian zealot
  3023 | D        | Killed a white draconian
  3023 | D        | Killed a red draconian
  3023 | D        | Killed a mottled draconian
  3026 | D        | Killed a grey draconian
  3026 | D        | Killed a purple draconian knight
  3027 | D        | Killed a white draconian
  3028 | D        | Killed a white draconian
  3029 | D        | Killed a pale draconian zealot
  3029 | D        | Killed a white draconian
  3030 | D        | Killed a white draconian
  3031 | D        | Killed a purple draconian shifter
  3034 | D        | Killed a mottled draconian
  3034 | D        | Reached XP level 18. HP: 182/195 MP: 38/38
  3036 | D        | Killed a pale draconian
  3040 | D        | Noticed a white draconian shifter
  3040 | D        | Killed a red draconian
  3043 | D        | Killed a white draconian shifter
  3055 | D        | Noticed a grey draconian
  3058 | D        | Killed a grey draconian
  3113 | D        | Noticed a black draconian scorcher
  3122 | D        | Killed a black draconian scorcher
  3127 | D        | Noticed a red draconian
  3130 | D        | Noticed a red draconian
  3131 | D        | Noticed a green draconian annihilator
  3131 | D        | Noticed a grey draconian
  3131 | D        | Noticed a green draconian
  3131 | D        | Noticed a red draconian
  3131 | D        | Noticed a purple draconian
  3132 | D        | Noticed a pale draconian knight
  3132 | D        | Noticed a green draconian shifter
  3132 | D        | Noticed a white draconian monk
  3133 | D        | Noticed a white draconian
  3133 | D        | Noticed a purple draconian
  3138 | D        | Killed a red draconian
  3139 | D        | Killed a red draconian
  3141 | D        | Killed a purple draconian
  3141 | D        | Killed a purple draconian
  3142 | D        | Killed a green draconian annihilator
  3142 | D        | Reached skill level 27 in Armour
  3146 | D        | Killed a red draconian
  3146 | D        | Reached skill level 27 in Fighting
  3146 | D        | Killed a pale draconian knight
  3147 | D        | Killed a grey draconian
  3147 | D        | Killed a green draconian shifter
  3147 | D        | Killed a white draconian
  3148 | D        | Killed a white draconian monk
  3150 | D        | Killed a green draconian
  3338 | D        | Entered arena 26.
  3350 | D        | Noticed Roxanne
  3350 | D        | Noticed Grum
  3351 | D        | Noticed Boris
  3351 | D        | Noticed Nikola
  3351 | D        | Noticed Urug
  3362 | D        | Noticed Menkaure
  3364 | D        | Noticed the 27-headed Lernaean hydra
  3364 | D        | Killed Grum
  3366 | D        | Noticed Lom Lobon
  3366 | D        | Killed Urug
  3367 | D        | Killed Nikola
  3369 | D        | Noticed Geryon
  3375 | D        | Noticed Blork the orc
  3375 | D        | Noticed Eustachio
  3376 | D        | Noticed Cerebov
  3377 | D        | Killed Eustachio
  3379 | D        | Killed the 26-headed Lernaean hydra
  3380 | D        | Noticed Edmund
  3382 | D        | Killed Erica
  3384 | D        | Killed Menkaure
  3387 | D        | Killed Geryon
  3388 | D        | Killed Edmund
  3389 | D        | Killed Grinder
  3392 | D        | Killed Blork the orc
  3414 | D        | Killed Boris
  3415 | D        | Noticed the Enchantress
  3423 | D        | Killed Lom Lobon
  3424 | D        | Noticed Louise
  3424 | D        | Killed Cerebov
  3424 | D        | Reached skill level 27 in Axes
  3425 | D        | Noticed the iron giant
  3428 | D        | Noticed Crazy Yiuf
  3431 | D        | Killed Crazy Yiuf
  3431 | D        | Killed the Enchantress
  3432 | D        | Noticed Ignacio
  3435 | D        | HP: 8/197 [Ignacio/nerve-wracking pain (13)]
  3436 | D        | Annihilated by the iron giant

Action                   |  1- 3 |  4- 6 |  7- 9 | 10-12 | 13-15 | 16-18 || total
-------------------------+-------+-------+-------+-------+-------+-------++-------
Melee: Broad axe         |    16 |     8 |    55 |   122 |   190 |   154 ||   545
Evoke: Lamp of fire      |       |       |     1 |     7 |    27 |    40 ||    75
       Stone of tremors  |       |       |       |     1 |     6 |    21 ||    28
  Use: Potion            |     1 |     1 |     1 |     2 |     7 |    12 ||    24
       Scroll            |       |       |     4 |       |     7 |     3 ||    14
 Stab: Distracted        |       |       |       |       |     2 |     3 ||     5
